 Dungeon Crawl Stone Soup version 0.29-a0-397-g846e4a0 (webtiles) character file.

Game seed: 11441143149890022753

173 Illumine the Bolt Thrower (level 5, -3/39 HPs)
             Began as a Barachi Hunter on May 10, 2022.
             Slain by a gnoll
             ... wielding a +0 spear
              (4 damage)
             ... on level 2 of the Dungeon on May 11, 2022.
             The game lasted 00:03:32 (2523 turns).

Illumine the Bolt Thrower (Barachi Hunter)          Turns: 2523, Time: 00:03:33

Health: -3/39      AC:  3    Str: 14    XL:     5   Next: 53%
Magic:  5/5        EV: 12    Int: 10    God:
Gold:   154        SH:  0    Dex: 15    Spells: 4/4 levels left

rFire   . . .      SeeInvis .   a - +1 hand crossbow
rCold   . . .      Faith    .   (no shield)
rNeg    . . .      Spirit   .   b - +0 leather armour
rPois   .          Reflect  .   (no helmet)
rElec   .          Harm     .   q - scarf {shadows}
rCorr   .          Rampage  .   (no gloves)
Will    .....                   (no boots)
Stlth   +.........              (no amulet)
HPRegen 0.13/turn               (no ring)
MPRegen 0.09/turn               (no ring)

@: unable to hop, slow
A: amphibious, slowness 1, strong legs 1, +LOS
a: Hop


You were on level 2 of the Dungeon.
You visited 1 branch of the dungeon, and saw 3 of its levels.

You collected 154 gold pieces.

Inventory:

Hand Weapons
 a - a +1 hand crossbow (weapon)
Missiles
 h - a throwing net
Armour
 b - a +0 leather armour (worn)
 q - a scarf of shadows (worn)
Scrolls
 c - 4 scrolls of immolation
 d - a scroll of magic mapping {unknown}
 e - a scroll of fear {unknown}
 j - 5 scrolls of identify {unknown}
 k - 2 scrolls of amnesia {unknown}
 l - a scroll of noise {unknown}
 m - 2 scrolls of teleportation {unknown}
 r - 2 scrolls of enchant weapon {unknown}
Potions
 f - a potion of heal wounds {unknown}
 g - 4 potions of curing {unknown}
 i - a potion of lignification {unknown}
 n - 2 potions of degeneration {unknown}
 o - 3 potions of attraction {unknown}
 p - 2 potions of flight {unknown}
 s - a potion of haste {unknown}


   Skills:
 - Level 2.4 Fighting
 + Level 6.6 Crossbows
 - Level 2.1 Dodging
 - Level 0.8 Stealth


You had 4 spell levels left.
You didn't know any spells.
Your spell library contained the following spells:

 Spells                   Type           Power      Damage    Failure   Level
 Stone Arrow              Conj/Erth      0%         3d7       82%         3
 Animate Armour           Summ/Erth      0%         N/A       99%         4
 Lehudib's Crystal Spear  Conj/Erth      0%         10d2      100%        8


Dungeon Overview and Level Annotations

Branches:
Dungeon (3/15)

Altars:


Innate Abilities, Weirdness & Mutations

You are amphibious.
You cover ground slowly.
You can hop short distances.
You have an extended range of vision and can be seen from far away.


Message History

Aim: a gnoll, wielding a +0 spear (69% to hit)
You shoot a bolt. The bolt hits the gnoll!
The gnoll is severely wounded.
The gnoll closely misses you.
Shoot: a) +1 hand crossbow
Press: ? - help, Shift-Dir - straight line, f/p - gnoll
Aim: a gnoll, wielding a +0 spear (severely wounded, 69% to hit)
You shoot a bolt. The bolt closely misses the gnoll.
The gnoll hits you with a +0 spear.
* * * LOW HITPOINT WARNING * * *
The gnoll misses you.
Hop to where?
Press: ? - help, Dir - move target, p - gnoll Boing!
Shoot: a) +1 hand crossbow
Press: ? - help, Shift-Dir - straight line, f - gnoll
Aim: a gnoll, wielding a +0 spear (severely wounded, 69% to hit)
You shoot a bolt. The bolt closely misses the gnoll.
The gnoll barely misses you.
Unknown command.
Shoot: a) +1 hand crossbow
Press: ? - help, Shift-Dir - straight line, f/p - gnoll
Aim: a gnoll, wielding a +0 spear (severely wounded, 69% to hit)
You shoot a bolt. The bolt hits the gnoll.
The gnoll is severely wounded.
The gnoll completely misses you.
Shoot: a) +1 hand crossbow
Press: ? - help, Shift-Dir - straight line, f/p - gnoll
Aim: a gnoll, wielding a +0 spear (severely wounded, 69% to hit)
You shoot a bolt. The bolt closely misses the gnoll.
The gnoll hits you from afar with a +0 spear.
* * * LOW HITPOINT WARNING * * *
Shoot: a) +1 hand crossbow
Press: ? - help, Shift-Dir - straight line, f/p - gnoll
Aim: a gnoll, wielding a +0 spear (severely wounded, 69% to hit)
You shoot a bolt. The bolt barely misses the gnoll.
The gnoll hits you from afar with a +0 spear.
* * * LOW HITPOINT WARNING * * *
The gnoll hits you from afar with a +0 spear.
You die...

######## ####### .......#
####### #.....# .#####.#
#..>..# #.###.#
.#####.####.....####.###.#
.##.......#...g.@......#.#
.##.##.##.#.....####.#.#.#
.##.##.##.......# #......#
...<...########## #......#
###.#.## #.##.#.# ###.#.#
#.##...# ##..#.# #########
#.###..# ......# #.......#
#.###..# .<....# #.......#
#......#


You could see a gnoll.

Vanquished Creatures
  An ogre (D:2)
  2 adders
  A worm (D:1)
  4 dart slugs
  An orc (D:3)
  3 endoplasms
  2 giant cockroaches
  11 goblins
  7 hobgoblins
  8 kobolds
  A quokka (D:1)
  6 ball pythons
  5 bats
  5 frilled lizards (D:1)
  A rat (D:3)
58 creatures vanquished.

Notes
Turn   | Place    | Note
-------+----------+-------------------------------------------
     0 | D:1      | Illumine the Barachi Hunter began the quest for the Orb.
     0 | D:1      | Reached XP level 1. HP: 17/17 MP: 1/1
   148 | D:1      | Reached XP level 2. HP: 23/23 MP: 2/2
   715 | D:1      | Reached XP level 3. HP: 28/28 MP: 3/3
   920 | D:1      | Reached skill level 5 in Crossbows
  1458 | D:2      | Reached XP level 4. HP: 34/34 MP: 4/4
  1485 | D:2      | Found a faded altar of an unknown god.
  1602 | D:2      | Noticed an ogre
  1616 | D:2      | Killed an ogre
  1617 | D:2      | Reached skill level 6 in Crossbows
  1617 | D:2      | Reached XP level 5. HP: 10/39 MP: 5/5
  2330 | D:2      | Upgraded the game from 0.29-a0-393-g47a863c to
                  | 0.29-a0-397-g846e4a0
  2523 | D:2      | HP: 1/39 [gnoll/+0 spear (6)]
  2523 | D:2      | Slain by a gnoll

Illustrated notes

Levels and vault maps discovered:
D:1:      scummos_arrival_forest, layout_loops_cross, serial_glass,
          glass_columns_b, glass_columns_b, bh_walls_and_bars
D:2:      minmay_door_path, layout_loops_cross,
          hellmonk_ecumenical_altar_run_dry
D:3:      layout_loops_ring, serial_rivers, chequers_serial_rivers_large_a,
          chequers_serial_rivers_micro_b, chequers_serial_rivers_micro_b,
          chequers_serial_rivers_small_3, chequers_serial_rivers_small_b,
          chequers_serial_rivers_micro_a

Skill      XL: |  1  2  3  4 |
---------------+-------------+-----
Crossbows      | 5 6 |  6.6
Fighting       | |  2.4
Dodging        | |  2.1
Stealth        | |  0.8

Action                   |  1- 3 |  4- 6 || total
-------------------------+-------+-------++-------
 Fire: Hand crossbow     |   109 |    68 ||   177
 Abil: Hop               |     2 |     3 ||     5
Armor: Leather armour    |     7 |     4 ||    11
Dodge: Dodged            |    16 |    21 ||    37

Table legend: (Time is in decaauts)
 A = Elapsed time spent in this place.
 B = Non-inter-level travel time spent in this place.
 C = Inter-level travel time spent in this place.
 D = Time resting spent in this place.
 E = Time spent auto-exploring this place.
 F = Levels seen in this place.
 G = Mean time per level.
                   A        B        C        D        E       F      G
               +--------+--------+--------+--------+--------+-----+--------+
         Total |   2870 |   2737 |    133 |    412 |   1890 |   3 |  956.7 |
       Dungeon |   2870 |   2737 |    133 |    412 |   1890 |   3 |  956.7 |
               +--------+--------+--------+--------+--------+-----+--------+

Top non-repeatable levels by time:
     D:2: 1288 daAuts
     D:1: 1229 daAuts
     D:3: 351 daAuts
